 Dungeon Crawl Stone Soup version 0.23-a0-712-g3a644c0 (webtiles) character file.

174 ScrewPatreon the Cudgeler (level 5, 0/41 HPs)
             Began as a Mummy Fighter on Jan 16, 2019.
             Slain by an orc
             ... wielding a +0 dagger
              (2 damage)
             ... on level 4 of the Dungeon.
             The game lasted 00:05:51 (3658 turns).

ScrewPatreon the Cudgeler (Mummy Fighter)           Turns: 3658, Time: 00:05:52

Health: 0/41       AC:  6    Str: 19    XL:     5   Next: 28%
Magic:  5/5        EV:  7    Int:  9    God:
Gold:   114        SH:  8    Dex: 11    Spells: 4/4 levels left

rFire    x . .     SeeInvis +   a - +0 flail
rCold    + . .     Gourm    .   c - +0 shield
rNeg     + + +     Faith    .   b - +0 scale mail
rPois    ∞         Spirit   .   (no helmet)
rElec    .         Reflect  .   (no cloak)
rCorr    .         Harm     .   (no gloves)
MR       .....                  (no boots)
Stlth    ..........             (no amulet)
HPRegen  0.13/turn              (no ring)
MPRegen  0.09/turn              k - ring of see invisible

@: no status effects
A: no food or potions, fire vulnerability, cold resistance 1, negative energy
resistance 3, torment resistance, unbreathing
a: no special abilities


You were on level 4 of the Dungeon.
You were not hungry.

You visited 1 branch of the dungeon, and saw 4 of its levels.
You also visited: Sewer.

You collected 114 gold pieces.

Inventory:

Hand Weapons
 a - a +0 flail (weapon)
 e - a +0 spear
 l - a +1 short sword of venom
Armour
 b - a +0 scale mail (worn)
 c - a +0 shield (worn)
Jewellery
 k - a ring of see invisible (right hand)
Scrolls
 d - a scroll of immolation {unknown}
 f - 2 scrolls of remove curse {unknown}
 g - 2 scrolls of identify
 h - a scroll of fog {unknown}
 i - 2 scrolls of teleportation
 j - 2 scrolls of blinking {unknown}


   Skills:
 - Level 3.0 Fighting
 + Level 4.6 Maces & Flails
 - Level 2.4 Armour
 - Level 2.4 Shields


You had 4 spell levels left.
You didn't know any spells.
Your spell library was empty.

Dungeon Overview and Level Annotations

Branches:
Dungeon (4/15)
 Temple: D:4-7

Altars:
Vehumet

Annotations:
D:1 exclusion: downstairs


Innate Abilities, Weirdness & Mutations

You do not eat or drink.
Your flesh is vulnerable to fire.
You are immune to poison.
Your flesh is cold resistant. (rC+)
You are immune to negative energy. (rN+++)
You are immune to unholy pain and torment.
You can survive without breathing.


Message History

You hit the orc priest.
The orc priest is heavily wounded.
The orc priest hits you but does no damage.
The orc barely misses you.
The orc priest mumbles some strange prayers to Beogh against you.
Beogh smites you!
* * * LOW HITPOINT WARNING * * *
You hear a shout!
You barely miss the orc priest.
The orc priest is heavily wounded.
You hear a shout! x2
The orc hits you but does no damage. You block the orc priest's attack.
You hit the orc priest.
The orc priest is severely wounded.
The orc barely misses you. The orc priest hits you.
* * * LOW HITPOINT WARNING * * *
You closely miss the orc priest.
The orc priest is severely wounded.
The orc hits you with a +0 dagger.
You die...

.. ..... ##. o... #.
..o# ....... ##..
........ ##...#
#......## .....
##.......#.. #...
###...........
#...##.##......#...
#...o@..............
#....o##............
......###............
...... ##.......#..##
## ##...
.###......##...###.
.....
........###.....##.
....
..####..###........
##.. ..
#............. .
##....##.......


You could see an orc priest and an orc.

Vanquished Creatures
  2 orc wizards
  2 adders
  2 gnolls
  2 river rats (Sewer)
  An ooze (D:1)
  2 worms (D:2)
  2 leopard geckos (D:2)
  4 orcs (D:3)
  6 giant cockroaches
  2 goblins (D:1)
  4 hobgoblins
  A quokka (D:4)
  3 ball pythons (Sewer)
  3 bats
  6 frilled lizards (Sewer)
  7 kobolds
  6 rats
55 creatures vanquished.

Notes
Turn   | Place    | Note
-------+----------+-------------------------------------------
     0 | D:1      | ScrewPatreon the Mummy Fighter began the quest for the Orb.
     0 | D:1      | Reached XP level 1. HP: 18/18 MP: 1/1
   225 | D:1      | Reached skill level 2 in Maces & Flails
   225 | D:1      | Reached XP level 2. HP: 21/24 MP: 2/2
   888 | D:2      | Reached XP level 3. HP: 29/29 MP: 3/3
   917 | D:2      | Reached skill level 3 in Maces & Flails
  1830 | D:3      | Found a radiant altar of Vehumet.
  2180 | D:3      | Found a glowing drain.
  2193 | Sewer    | Entered a sewer
  2204 | Sewer    | Reached XP level 4. HP: 31/35 MP: 4/4
  2677 | Sewer    | Reached skill level 4 in Maces & Flails
  3559 | D:3      | Reached XP level 5. HP: 40/41 MP: 5/5
  3655 | D:4      | HP: 2/41 [orc priest/divine providence (11)]
  3658 | D:4      | Slain by an orc

Vault maps used:
D:1:      dpeg_arrival_pits, minmay_hedge_maze, minmay_misc_feat_x
D:3:      overflow_temple_1_default, serial_glass, glass_columns_c,
          glass_columns_c, glass_columns_b, glass_columns_b, glass_columns_a,
          gup_sewer_entry_pipe
D:4:      first_ration, glass_columns_a
Sewer:    sewer_co_cracked_pipes

Skill      XL: |  1  2  3  4 |
---------------+-------------+-----
Maces & Flails | 2 3 4 |  4.6
Fighting       | |  3.0
Armour         | |  2.4
Shields        | |  2.4

Action                   |  1- 3 |  4- 6 || total
-------------------------+-------+-------++-------
Melee: Flail             |   141 |   121 ||   262
  Use: Scroll            |       |     2 ||     2
Armor: Scale mail        |    70 |    60 ||   130
Dodge: Dodged            |    47 |    31 ||    78
Block: Shield            |    71 |    50 ||   121

Table legend:
 A = Non-vault XP
 B = Vault XP
 C = Vault XP percentage of total XP
 D = Non-vault monster count
 E = Vault monster count
 F = Vault count percentage of total count
                 A         B        C        D         E       F
            +---------+---------+-------+---------+---------+-------
      Total |     189 |      60 |  24.1 |      36 |      19 |  34.5
            +---------+---------+-------+---------+---------+-------
        D:1 |      35 |       0 |   0.0 |      10 |       0 |   0.0
        D:2 |      48 |       0 |   0.0 |      16 |       0 |   0.0
        D:3 |      62 |       6 |   8.8 |       8 |       3 |  27.3
        D:4 |      44 |       0 |   0.0 |       2 |       0 |   0.0
      Sewer |       0 |      54 | 100.0 |       0 |      16 | 100.0
            +---------+---------+-------+---------+---------+-------
